 Dungeon Crawl Stone Soup version 0.13-a0-2477-geaae114 (webtiles) character file.

1780 Rycklaryybbe the Slicer (level 8, 0/56 HPs)
             Began as a Demonspawn Assassin on July 19, 2013.
             Was a Follower of Kikubaaqudgha.
             Slain by an unseen horror (10 damage)
             ... on Level 7 of the Dungeon.
             The game lasted 00:29:46 (9583 turns).

Rycklaryybbe the Slicer (Demonspawn Assassin)       Turns: 9583, Time: 00:29:46

HP   0/56        AC  9     Str 13      XL: 8   Next: 61%
MP   7/7         EV  9     Int 13      God: Kikubaaqudgha [*.....]
Gold 188         SH  0     Dex 15      Spells:  1 memorised,  6 levels left

Res.Fire  : . . .   See Invis. : .   a - +4,+5 dagger {=f}
Res.Cold  : . . .   Warding    : .   l - +2 dwarf ring mail {MR+}
Life Prot.: . . .   Conserve   : +   (no shield)
Res.Poison: .       Res.Corr.  : .   o - +1 wizard hat
Res.Elec. : .       Clarity    : .   d - +0 cloak
Sust.Abil.: . .     Spirit.Shd : .   (no gloves)
Res.Mut.  : .       Stasis     : .   (no boots)
Res.Rott. : .       Flight     : .   j - amulet of conservation
Saprovore : . . .                    (no ring)
                                     C - ring of flight

@: somewhat resistant to hostile enchantments, fairly stealthy
A: antennae 1, demonic guardian 1
a: Receive Corpses, Renounce Religion, Evoke Flight


You were on level 7 of the Dungeon.
You worshipped Kikubaaqudgha.
Kikubaaqudgha was most pleased with you.
You were not hungry.

You visited 2 branches of the dungeon, and saw 8 of its levels.

You collected 262 gold pieces.
You spent 124 gold pieces at shops.

Inventory:

Hand weapons
 a - a +4,+5 dagger (weapon) {=f}
 b - a +0 blowgun
 s - a +0,-2 elven dagger (quivered)
 y - a +3,+2 elven sabre of holy wrath
 B - a +0,+0 scimitar
Missiles
 e - 8 poisoned needles
 f - a curare-tipped needle
 h - 5 darts
 q - 5 steel javelins
Armour
 c - a +0 robe
 d - a +0 cloak (worn)
 l - a +2 dwarven ring mail of magic resistance (worn)
 n - a +0 orcish robe
 o - a +1 wizard hat (worn)
 t - a +0 elven robe
 v - a +0 scale mail of positive energy
Magical devices
 i - a wand of enslavement (8)
 p - a wand of cold (5)
 r - a wand of random effects (7)
 E - a wand of disintegration (8)
Comestibles
 g - 2 bread rations
 z - 3 rotting chunks of orc flesh
Scrolls
 k - a scroll of remove curse
 x - a scroll of teleportation
 D - 3 scrolls of identify
 F - a scroll of fear
 G - a scroll of magic mapping
Jewellery
 j - an amulet of conservation (around neck)
 m - an uncursed amulet of faith
 w - an uncursed amulet of inaccuracy
 C - a ring of flight (left hand)
Potions
 u - 2 potions of heal wounds
Books
 A - Kikubaaqudgha's Volume of Sinister Magic
   (Kikubaaqudgha gifted it to you on level 6 of the Dungeon)

   Spells                             Type                      Level
   *Animate Skeleton                  Necromancy                   1
   Lethal Infusion                    Charms/Necromancy            2
   Corpse Rot                         Necromancy                   2
   Regeneration                       Charms/Necromancy            3
   Control Undead                     Necromancy                   4


   Skills:
 - Level 2.0 Fighting
 + Level 9.8 Short Blades
 - Level 1.7 Throwing
 - Level 2.4 Dodging
 - Level 3.6 Stealth


You had 6 spell levels left.
You knew the following spells:

 Your Spells              Type           Power        Failure   Level  Hunger
a - Animate Skeleton      Necr           N/A          75%         1    ##.....


Dungeon Overview and Level Annotations

Branches:
Dungeon (7/27)             Temple (1/1) D:5
    Orc: D:6-11

Altars:
Cheibriados
Elyvilon
Fedhas
Kikubaaqudgha
Makhleb
Nemelex Xobeh
Sif Muna
Trog
Vehumet
Xom
Yredelemnul
the Shining One

Shops:
D:5: *!(


Innate Abilities, Weirdness & Mutations

You have a pair of small antennae on your head.
A weak demonic guardian rushes to your aid.


Message History

It hits you but does no damage. It hits you. It hits you but does no damage.
It hits you. It hits you but does no damage. It hits you but does no damage.
It hits you.
You hit it. It hits you but does no damage.
You hit it but do no damage. It hits you! It hits you but does no damage.
You barely miss it. It hits you but does no damage.
You hit it. It hits you but does no damage. It hits you but does no damage.
It hits you. It hits you! It hits you but does no damage. It hits you.
* * * LOW HITPOINT WARNING * * *
It hits you.
* * * LOW HITPOINT WARNING * * *
It hits you!
You die...
Kikubaaqudgha rasps: "You have failed me!
Welcome... death!"

_....## ...#.# ###
.....# ..# ###### #.#
.....## ##.# ......##
##..# .......#####...#
..####.....#...#######
.........#####..@....#
######..##...#####...#
##.##.....##.....#
#..#.......#.....# #
#..#..._...#..##.# ###
#..#.......#####.# ..#
#..##.....## #.#
..###...##...## #.#
........###.### #.###


There were no monsters in sight!

Vanquished Creatures
  An orc warrior (D:7)
  2 sky beasts
  An ice beast (D:5)
  2 giant frogs
  A water moccasin (D:5)
  A hippogriff zombie (D:6)
  A yak zombie (D:7)
  5 crimson imps
  3 hounds
  A centaur zombie (D:5)
  An iguana (D:6)
  3 scorpions
  3 orc wizards (D:7)
  3 worker ants
  Ijyb (D:3)
  Jessica (D:2)
  Terence (D:3)
  A worker ant zombie (D:6)
  7 gnolls
  6 adders
  5 worms
  An iguana skeleton (D:4)
  A giant eyeball (D:7)
  4 giant geckos
  3 oozes
  12 orcs
  A bat skeleton (D:4)
  6 giant cockroaches
  10 goblins
  10 hobgoblins
  8 jackals
  8 kobolds
  A quokka (D:4)
  3 ball pythons
  16 bats
  2 giant newts
  A goblin skeleton (D:5)
  A goblin zombie (D:5)
  An orc skeleton (D:7)
  A quokka skeleton (D:6)
  10 rats
150 creatures vanquished.

Vanquished Creatures (collateral kills)
  An ice beast (D:7)
  3 crimson imps
  A worm (D:5)
  An ooze (D:5)
  3 orcs
  3 bats
12 creatures vanquished.

Vanquished Creatures (others)
  3 crimson imps
  5 iron imps
  7 lemures
  4 white imps
  An ufetubus (D:6)
20 creatures vanquished.

Grand Total: 182 creatures vanquished

Notes
Turn   | Place    | Note
--------------------------------------------------------------
     0 | D:1      | Rycklaryybbe, the Demonspawn Assassin, began the quest for the Orb.
     0 | D:1      | Reached XP level 1. HP: 15/15 MP: 0/0
   260 | D:1      | Gained mutation: A weak demonic guardian rushes to your aid. [demonic ancestry]
   260 | D:1      | Reached XP level 2. HP: 19/21 MP: 1/1
  1406 | D:2      | Noticed Jessica
  1657 | D:2      | Reached XP level 3. HP: 16/26 MP: 2/2
  1967 | D:2      | Found a white marble altar of Elyvilon.
  2311 | D:2      | Gained mutation: You have supernaturally acute eyesight. [potion of mutation]
  2311 | D:2      | Gained mutation: You are dopey (Int -1). [potion of mutation]
  2311 | D:2      | Gained mutation: Your magical capacity is low (-10% MP). [potion of mutation]
  2318 | D:2      | Killed Jessica
  2318 | D:2      | Reached skill level 4 in Short Blades
  2318 | D:2      | Reached XP level 4. HP: 10/33 MP: 2/2
  2820 | D:3      | Noticed Ijyb
  2850 | D:3      | Killed Ijyb
  3221 | D:3      | Noticed Terence
  3280 | D:3      | Killed Terence
  3543 | D:3      | Reached XP level 5. HP: 38/38 MP: 3/3
  4173 | D:4      | Reached skill level 5 in Short Blades
  4610 | D:5      | Entered Level 5 of the Dungeon
  4664 | D:5      | Found a staircase to the Ecumenical Temple.
  4673 | D:5      | Noticed an ice beast
  4685 | D:5      | Killed an ice beast
  4685 | D:5      | Reached skill level 6 in Short Blades
  4685 | D:5      | Reached XP level 6. HP: 32/44 MP: 4/4
  4694 | Temple   | Entered the Ecumenical Temple
  4808 | Temple   | Became a worshipper of Kikubaaqudgha
  4852 | D:5      | Found Sosebra's General Store.
  4971 | D:5      | Found Fruucs' Antique Weapon Boutique.
  5384 | D:5      | Found Plamasch's Distillery.
  5387 | D:5      | Bought a runed elven sabre for 124 gold pieces
  5437 | D:5      | Reached skill level 7 in Short Blades
  5437 | D:5      | Gained mutation: You have a pair of small antennae on your head. [demonic ancestry]
  5437 | D:5      | Reached XP level 7. HP: 44/49 MP: 5/5
  5447 | D:5      | Found a snail-covered altar of Cheibriados.
  5479 | D:5      | Noticed a sky beast
  5515 | D:5      | Killed a sky beast
  6716 | D:5      | Reached skill level 8 in Short Blades
  6916 | D:6      | Acquired Kikubaaqudgha's first power
  6916 | D:6      | Received a gift from Kikubaaqudgha
  6917 | D:6      | Identified Kikubaaqudgha's Volume of Sinister Magic (Kikubaaqudgha gifted it to you on level 6 of the Dungeon)
  6920 | D:6      | Learned a level 1 spell: Animate Skeleton
  7198 | D:6      | HP: 1/49 [hippogriff zombie (2)]
  7509 | D:6      | Reached XP level 8. HP: 30/56 MP: 6/6
  7663 | D:6      | Reached skill level 9 in Short Blades
  7768 | D:6      | Lost mutation: Your magical capacity is low (-10% MP). [potion of cure mutation]
  7768 | D:6      | Lost mutation: You have supernaturally acute eyesight. [potion of cure mutation]
  7768 | D:6      | Lost mutation: You are dopey (Int -1). [potion of cure mutation]
  8006 | D:7      | Found a basalt altar of Yredelemnul.
  8048 | D:7      | Reached skill level 1 in Dodging
  8093 | D:7      | Found a shimmering altar of Xom.
  9390 | D:7      | Found a basalt altar of Yredelemnul.
  9511 | D:7      | Found a bloodstained altar of Trog.
  9512 | D:7      | Found a radiant altar of Vehumet.
  9516 | D:7      | Found a glowing golden altar of the Shining One.
  9583 | D:7      | Slain by an unseen horror

Action                   |  1- 3 |  4- 6 |  7- 9 || total
-------------------------+-------+-------+-------++-------
Melee: Dagger            |   179 |   315 |   439 ||   933
       Scimitar          |       |     7 |    48 ||    55
 Fire: Blowgun           |     5 |     1 |     1 ||     7
Throw: Dart              |       |       |     2 ||     2
Evoke: Wand              |       |       |    10 ||    10
  Use: Scroll            |     4 |     5 |    10 ||    19
       Potion            |     2 |     4 |     5 ||    11
 Stab: Sleeping          |     2 |     5 |     2 ||     9
       Distracted        |       |     3 |     1 ||     4
